 Dungeon Crawl Stone Soup version 0.18-a0-946-g3ac5b32 (webtiles) character file.

147811 Yawgmoth the Earth Mage (level 17, 0/104 HPs)
             Began as a Gargoyle Earth Elementalist on Dec 29, 2015.
             Was the Champion of Vehumet.
             Slain by an anaconda (8 damage)
             ... on level 4 of the Snake Pit.
             The game lasted 04:15:36 (40659 turns).

Yawgmoth the Earth Mage (GrEE)                     Turns: 40659, Time: 04:15:38

Health: 0/104      AC: 31    Str: 11    XL:     17   Next: 47%
Magic:  24/42      EV:  6    Int: 24    God:    Vehumet [******]
Gold:   2280       SH:  0    Dex: 10    Spells: 10 memorised, 4 levels left

rFire  + + +     SeeInvis .     e - staff of earth
rCold  . . .     Gourm    .     N - +1 scale mail "Xycyqoeb" {rF++ Stlth+}
rNeg   + . .     Faith    .     (no shield)
rPois  ∞         Spirit   .     l - +0 helmet
rElec  +         Dismiss  .     W - +0 cloak {rF+}
rCorr  .         Reflect  .     k - +0 pair of gloves
SustAt .         Harm     .     t - +0 pair of boots
MR     +....                    G - amulet of regeneration
Stlth  +.........               P - ring of magical power
                                C - ring of wizardry

@: about to teleport, stone skin, flying, constricted, somewhat resistant to
hostile enchantments, very unstealthy
A: big wings, negative energy resistance 1, electricity resistance, unbreathing,
petrification resistance, rot immunity, AC +12
a: Stop Flying, Renounce Religion


You were on level 4 of the Snake Pit.
You worshipped Vehumet.
Vehumet was exalted by your worship.
You were not hungry.

You visited 6 branches of the dungeon, and saw 26 of its levels.
You also visited: Volcano.

You collected 2405 gold pieces.
You spent 125 gold pieces at shops.

Inventory:

Hand Weapons
 o - a +1 lajatang
Missiles
 b - 521 stones (quivered)
Armour
 k - a +0 pair of gloves (worn)
 l - a +0 helmet (worn)
 t - a +0 pair of boots (worn)
 N - the +1 scale mail "Xycyqoeb" (worn) {rF++ Stlth+}
   (You found it on level 8 of the Lair of Beasts)

   It greatly protects you from fire.
   It makes you more stealthy.
 W - a +0 cloak of fire resistance (worn)
Magical Staves
 e - an uncursed staff of earth (weapon)
 z - an uncursed staff of wizardry
 H - an uncursed staff of power
Jewellery
 a - an uncursed ring of teleportation
 C - a ring of wizardry (left hand)
 G - an amulet of regeneration (around neck)
 P - a ring of magical power (right hand)
Wands
 J - a wand of teleportation (5/9)
Scrolls
 c - 7 scrolls of identify
 q - 3 scrolls of fear
 B - 3 scrolls of amnesia
 E - 4 scrolls of remove curse
 Q - 3 scrolls of enchant armour
 R - a scroll of silence
 S - a scroll of torment
 X - 3 scrolls of magic mapping
Potions
 g - a potion of berserk rage
 j - 3 potions of curing
 m - a potion of haste
 r - 2 potions of resistance
 s - 2 potions of flight {unknown}
 v - a potion of might {unknown}
 x - 5 potions of agility
 D - 5 potions of brilliance
 F - a potion of poison {unknown}
 K - 2 potions of cure mutation {unknown}
 L - a potion of lignification {unknown}
 O - 2 potions of beneficial mutation {unknown}
 U - 2 potions of cancellation {unknown}
 V - a potion of mutation {unknown}
Books
 f - a book of the Earth

   Spells                             Type                      Level
   a - Leda's Liquefaction            Hexes/Earth                  4
   b - Bolt of Magma                  Conjuration/Fire/Earth       5
   c - Statue Form                    Transmutation/Earth          6
   d - Iron Shot                      Conjuration/Earth            6
   e - Shatter                        Earth                        9
 h - a book of Air

   Spells                             Type                      Level
   a - Shock                          Conjuration/Air              1
   b - Swiftness                      Charms/Air                   2
   c - Repel Missiles                 Charms/Air                   2
   d - Static Discharge               Conjuration/Air              3
   e - Lightning Bolt                 Conjuration/Air              5
Miscellaneous
 Z - a box of beasts {used: 1}
Comestibles
 d - 2 bread rations
 n - 6 meat rations
 I - 4 slices of pizza
 M - 4 fruits


   Skills:
 - Level 11.0 Fighting
 - Level 12.0 Staves
 - Level 4.1 Armour
 - Level 1.6 Dodging
 - Level 2.1 Stealth
 + Level 12.6 Spellcasting
 - Level 7.6 Conjurations
 - Level 0.7 Transmutations
 - Level 9.6 Fire Magic
 * Level 18.3 Earth Magic
 + Level 11.1 Evocations


You had 4 spell levels left.
You knew the following spells:

 Your Spells              Type           Power        Failure   Level  Hunger
a - Sandblast             Erth           ######       0%          1    None
b - Stoneskin             Trmt/Erth      ######..     1%          2    None
c - Stone Arrow           Conj/Erth      ######       1%          3    None
d - Delayed Fireball      Conj/Fire      N/A          73%         7    ######.
e - Fireball              Conj/Fire      ######....   2%          5    ###....
f - Lee's Rapid Deconstr  Erth           ########..   1%          5    ###....
g - Throw Flame           Conj/Fire      ######       1%          2    None
h - Shatter               Erth           ########..   82%         9    #######
i - Swiftness             Chrm/Air       #.......     14%         2    None
j - Iron Shot             Conj/Erth      #######...   2%          6    #####..


Dungeon Overview and Level Annotations

Branches:
Dungeon (10/15)            Temple (1/1) D:4            Lair (8/8) D:10
 Shoals (0/4) Lair:3        Snake (4/4) Lair:5        Slime (0/6) Lair:8
    Orc (2/2) D:9             Elf (1/3) Orc:2

Altars:
Ashenzari
Cheibriados
Elyvilon
Fedhas
Gozag
Kikubaaqudgha
Makhleb
Nemelex Xobeh
Pakellas
Qazlal
Sif Muna
Vehumet
Xom
Yredelemnul
Zin
The Shining One
Beogh
Jiyva

Shops:
D:4 [   D:5 *   Orc:1 %}   Orc:2 %*:[


Innate Abilities, Weirdness & Mutations

You are resistant to torment.
Your stone body is resilient (AC +12).
You are immune to poison.
Your large and strong wings let you fly indefinitely.
You resist negative energy.
You are resistant to electric shocks.
You can survive without breathing.
You are immune to petrification.
You are immune to rotting.


Message History

The naga warrior hits you with an enchanted halberd!
The naga hits you but does no damage. The mana viper bites you.
The greater naga completely misses you.
The anaconda bites you but does no damage.
The anaconda constricts you.
A naga ritualist comes into view. It is wielding a dagger of venom.
Drink which item? (? for menu, Esc to quit)
Magic courses through your body.
The guardian serpent casts a spell at you.
The bolt of poison misses the mana viper.
The bolt of poison hits you! You resist.
The bolt of poison misses the naga.
The anaconda bites you! The anaconda constricts you.
The naga completely misses you. The mana viper bites you!
You feel your power leaking away. The greater naga hits you with a spear!
* * * LOW HITPOINT WARNING * * *
The naga warrior hits you with an enchanted halberd!
* * * LOW HITPOINT WARNING * * *
The naga hits you but does no damage. The anaconda bites you!
You die...

#..##.N.##........####.)...#'#..)
NSS.##...##..........[[...##.##..
SSSN.##..).(......).....))#...#.)
SNS...##..).(.............###.#..
NS....##.)N..))))...........###..
N....##N..#.[)([[.)...N.........)
....##...##...[.S.####..)..).))))
#..##.N.##.....NSN......)...)....
*#NN..N##......N@S[...###.).N..##
,,....##........N..)..#.#|#....##
,,,,,##...............#...#.....#
*,,,##................#...#......
,,,##......[).....##..#...#......
,,##...N.........###..'...##.....
,##.N.....##.....##...#....#.....
*#.......####......)..'....#..###
*........# #.........##..##..#..


You could see a naga warrior, a greater naga, an anaconda, a naga ritualist, a
mana viper, a guardian serpent and 2 nagas.

Vanquished Creatures
  Rupert (Lair:5)
  6 greater nagas
  Aizul (Snake:1)
  An ettin (Orc:1)
  7 hydras
  11 naga warriors
  Harold (Lair:1)
  6 anacondas
  5 orc high priests (Orc:2)
  10 naga sharpshooters
  19 death yaks
  The ghost of Voda the Nimble, a journeyman FeWz of Sif Muna (Lair:2)
  12 shock serpents
  An unseen horror (D:10)
  6 salamander mystics
  4 naga ritualists
  3 orc knights
  2 orc sorcerers (Orc:2)
  7 mana vipers
  A cyclops (Orc:1)
  32 black mambas
  5 guardian serpents (Snake:4)
  14 salamanders
  3 toenail golems (Volcano)
  10 elephants
  18 naga magi
  A griffon (Lair:7)
  23 spiny frogs
  A torpor snail (Lair:7)
  The ghost of Rayvis the Sneak, a novice OpAs (D:5)
  11 komodo dragons
  3 fire drakes
  A spriggan druid (Lair:7)
  A two-headed ogre (Orc:2)
  6 trolls
  5 polar bears
  5 giant leeches
  21 blink frogs
  7 basilisks
  3 wraiths (D:7)
  32 yaks
  7 humans
  7 hippogriffs
  3 wyverns
  Menkaure (D:4)
  2 wargs (Orc:2)
  49 nagas
  8 vampire mosquitoes
  7 wolves
  2 sky beasts (D:10)
  A swamp drake (D:10)
  10 black bears
  16 water moccasins
  19 porcupines
  2 ice beasts
  A phantom (D:7)
  A necrophage (D:7)
  7 centaurs
  17 orc warriors
  A big kobold (D:9)
  8 ogres
  26 crocodiles
  An elf zombie (D:7)
  A gnoll sergeant (D:6)
  37 giant frogs
  A water moccasin skeleton (D:9)
  2 scorpions
  A troll zombie (D:7)
  4 killer bees (D:7)
  3 electric eels (Lair:8)
  A centaur zombie (D:8)
  A giant frog zombie (D:10)
  A wight (D:7)
  2 human zombies (D:7)
  20 orc priests
  4 crimson imps
  7 hounds
  2 jellies
  A centaur skeleton (D:9)
  A human skeleton (D:7)
  2 giant frog skeletons
  12 iguanas
  23 orc wizards
  Terence (D:3)
  9 worker ants
  A killer bee zombie (D:10)
  An ogre zombie (D:7)
  14 sheep
  A hound skeleton (D:4)
  A mummy (D:7)
  Robin (D:2)
  A worker ant zombie (D:7)
  10 gnolls
  78 river rats
  9 adders
  A shadow imp (D:6)
  3 oozes
  A worm (D:4)
  An adder skeleton (D:7)
  4 adder zombies
  4 giant geckos
  62 orcs
  7 giant cockroaches
  7 hobgoblins
  4 jackals (D:7)
  6 quokkas
  A ball python (D:4)
  7 bats
  2 giant gecko skeletons
  A giant gecko zombie (D:6)
  5 giant newts
  20 goblins
  12 kobolds
  A quokka zombie (D:6)
  9 rats
  A plant (Lair:7)
916 creatures vanquished.

Vanquished Creatures (collateral kills)
  A greater naga (Snake:4)
  An anaconda (Snake:4)
2 creatures vanquished.

Vanquished Creatures (others)
  A sky beast (D:7)
  A hound (D:10)
  26 fungi
  22 plants
50 creatures vanquished.

Grand Total: 968 creatures vanquished

Notes
Turn   | Place    | Note
--------------------------------------------------------------
     0 | D:1      | Yawgmoth the Gargoyle Earth Elementalist began the quest for the Orb.
     0 | D:1      | Reached XP level 1. HP: 10/10 MP: 3/3
   213 | D:1      | Reached skill level 4 in Earth Magic
   399 | D:1      | Reached XP level 2. HP: 14/16 MP: 5/5
  1089 | D:1      | Found a glowing golden altar of the Shining One.
  1248 | D:2      | Reached skill level 1 in Fighting
  1248 | D:2      | Reached XP level 3. HP: 15/20 MP: 6/6
  1491 | D:2      | Found a stormy altar of Qazlal.
  1493 | D:2      | Noticed Robin
  1860 | D:2      | Killed Robin
  2140 | D:2      | Reached XP level 4. HP: 26/26 MP: 7/7
  2681 | D:3      | Found a faded altar to an unknown god.
  2914 | D:3      | Noticed Terence
  2927 | D:3      | Killed Terence
  2971 | D:3      | Reached skill level 5 in Earth Magic
  2971 | D:3      | Reached XP level 5. HP: 19/31 MP: 5/9
  3057 | D:3      | Learned a level 2 spell: Stoneskin
  3061 | D:3      | Learned a level 3 spell: Stone Arrow
  3493 | D:3      | Found an ancient bone altar of Kikubaaqudgha.
  3690 | D:3      | Found an opulent altar of Gozag.
  3690 | D:3      | Found a shimmering altar of Xom.
  3690 | D:3      | Found a white marble altar of Elyvilon.
  3691 | D:3      | Found a blossoming altar of Fedhas.
  3694 | D:3      | Found a shattered altar of Ashenzari.
  4061 | D:4      | Reached skill level 1 in Armour
  4244 | D:4      | Reached XP level 6. HP: 37/37 MP: 8/11
  4357 | D:4      | Found an oddly glowing altar of Pakellas.
  4581 | D:4      | Found Xoeff's Armour Emporium.
  4782 | D:4      | Reached skill level 6 in Earth Magic
  4894 | D:4      | Noticed Menkaure
  4908 | D:4      | Killed Menkaure
  4908 | D:4      | Reached XP level 7. HP: 39/42 MP: 8/12
  5112 | D:4      | Found a staircase to the Ecumenical Temple.
  5118 | Temple   | Entered the Ecumenical Temple
  5184 | Temple   | Became a worshipper of Vehumet
  5270 | D:5      | Entered Level 5 of the Dungeon
  5403 | D:5      | Noticed Rayvis's ghost (novice OpAs)
  5413 | D:5      | Killed Rayvis's ghost
  5413 | D:5      | Reached skill level 7 in Earth Magic
  5413 | D:5      | Reached XP level 8. HP: 42/48 MP: 5/14
  6042 | D:5      | Reached skill level 1 in Staves
  6052 | D:5      | Found Entomathewk's Assorted Antiques.
  6060 | D:5      | Bought a twitching turquoise ring for 125 gold pieces
  6060 | D:5      | Identified the cursed ring of Zixeips {+Fly Str+2 Dex-2} (You bought it in a shop on level 5 of the Dungeon)
  6257 | D:6      | Learned a level 7 spell: Delayed Fireball
  6263 | D:6      | Learned a level 5 spell: Fireball
  6604 | D:6      | Got a bloodstained robe
  6615 | D:6      | Identified the cursed +0 robe "Heuf" {rF- Regen+ Str+4} (You found it on level 6 of the Dungeon)
  6791 | D:6      | Reached skill level 1 in Fire Magic
  6799 | D:6      | Reached * piety under Vehumet
  6799 | D:6      | Offered knowledge of Flame Tongue by Vehumet.
  7608 | D:7      | Reached skill level 5 in Spellcasting
  7783 | D:7      | Reached XP level 9. HP: 48/53 MP: 10/17
  7848 | D:7      | Found a snail-covered altar of Cheibriados.
  7857 | D:7      | Found a glowing golden altar of the Shining One.
  7997 | D:7      | Found a basalt altar of Yredelemnul.
  8099 | D:7      | Reached skill level 5 in Fire Magic
  8108 | D:7      | Learned a level 5 spell: Lee's Rapid Deconstruction
  8547 | D:7      | Reached ** piety under Vehumet
  8735 | D:7      | Offered knowledge of Throw Flame by Vehumet.
  8744 | D:7      | Learned a level 2 spell: Throw Flame
  9008 | D:7      | Found a sparkling altar of Nemelex Xobeh.
  9090 | D:7      | Reached skill level 5 in Fighting
  9345 | D:7      | Identified a scroll of acquirement
  9470 | D:7      | Reached skill level 8 in Earth Magic
  9746 | D:8      | Offered knowledge of Conjure Flame by Vehumet.
  9816 | D:8      | Reached skill level 1 in Conjurations
  9816 | D:8      | Reached skill level 1 in Evocations
  9816 | D:8      | Reached XP level 10. HP: 59/59 MP: 14/20
  9956 | D:8      | You fall through a shaft!
 10559 | D:9      | Found a staircase to the Orcish Mines.
 11014 | D:9      | Reached *** piety under Vehumet
 11174 | D:9      | Found a roughly hewn altar of Beogh.
 11594 | D:10     | Entered Level 10 of the Dungeon
 11729 | D:10     | Killed an unseen horror
 11729 | D:10     | Reached skill level 9 in Earth Magic
 11931 | D:10     | Offered knowledge of Dazzling Spray by Vehumet.
 12521 | D:10     | Found a staircase to the Lair.
 12629 | D:10     | Reached XP level 11. HP: 64/64 MP: 10/22
 12842 | D:10     | Found a sparkling altar of Nemelex Xobeh.
 13330 | Lair:1   | Entered Level 1 of the Lair of Beasts
 13435 | Lair:1   | Noticed Harold
 13604 | Lair:1   | Killed Harold
 13604 | Lair:1   | Reached skill level 5 in Conjurations
 13672 | Lair:1   | Found a dark tunnel.
 13679 | Volcano  | Entered a volcano
 13999 | Volcano  | Reached skill level 10 in Earth Magic
 14256 | Lair:1   | Noticed an eight-headed hydra
 14262 | Lair:1   | Killed an eight-headed hydra
 14262 | Lair:1   | Reached skill level 5 in Evocations
 14308 | Lair:1   | Reached **** piety under Vehumet
 14320 | Lair:1   | Offered knowledge of Sticky Flame by Vehumet.
 15656 | Lair:2   | Noticed Voda's ghost (journeyman FeWz)
 15660 | Lair:2   | Killed Voda's ghost
 15660 | Lair:2   | Reached XP level 12. HP: 68/68 MP: 8/24
 16885 | Lair:2   | Reached ***** piety under Vehumet
 17140 | Lair:3   | Offered knowledge of Bolt of Magma by Vehumet.
 17158 | Lair:3   | Reached skill level 11 in Earth Magic
 17262 | Lair:3   | Noticed a five-headed hydra
 17269 | Lair:3   | Killed a five-headed hydra
 17612 | Lair:3   | Found a staircase to the Shoals.
 18081 | Lair:3   | Reached skill level 5 in Staves
 18927 | Lair:4   | Found a white marble altar of Elyvilon.
 19021 | Lair:4   | Reached XP level 13. HP: 73/78 MP: 26/26
 20101 | Lair:5   | Found a staircase to the Snake Pit.
 21145 | Lair:6   | Noticed Rupert
 21300 | Lair:5   | Reached skill level 10 in Fighting
 21795 | Lair:5   | Paralysed by Rupert for 6 turns
 21918 | Lair:5   | Killed Rupert
 22514 | Lair:6   | Learned a level 9 spell: Shatter
 23125 | Lair:7   | Reached skill level 10 in Staves
 23274 | Lair:7   | Gained mutation: Your large and strong wings let you fly indefinitely. [Gargoyle growth]
 23274 | Lair:7   | Reached XP level 14. HP: 90/90 MP: 15/27
 24283 | Lair:7   | Reached ****** piety under Vehumet
 25095 | Lair:8   | Entered Level 8 of the Lair of Beasts
 25187 | Lair:7   | Reached skill level 10 in Spellcasting
 25187 | Lair:7   | Reached skill level 12 in Earth Magic
 25208 | Lair:7   | Offered knowledge of Olgreb's Toxic Radiance by Vehumet.
 26146 | Lair:8   | Found a staircase to the Slime Pits.
 26146 | Lair:8   | Found a viscous altar of Jiyva.
 28098 | Lair:7   | Reached XP level 15. HP: 87/94 MP: 19/29
 28257 | Lair:8   | Got a twisted scale mail
 28326 | Lair:8   | Identified the +1 scale mail "Xycyqoeb" {rF++ Stlth+} (You found it on level 8 of the Lair of Beasts)
 28802 | Lair:8   | Offered knowledge of Poisonous Cloud by Vehumet.
 29326 | Lair:7   | Reached skill level 13 in Earth Magic
 30229 | Orc:1    | Entered Level 1 of the Orcish Mines
 30494 | Orc:1    | Found Eliucac's Food Emporium.
 30538 | Orc:1    | Found Azxiufad's Quality Used Wands.
 30900 | Orc:2    | Entered Level 2 of the Orcish Mines
 31210 | Orc:2    | Found a burning altar of Makhleb.
 32407 | Orc:2    | Found Xyufidicia's Book Boutique.
 32407 | Orc:2    | Found Fuanler's Food Shop.
 32410 | Orc:2    | Found Xuziam's General Store.
 32417 | Orc:2    | Found Zussy's Antique Armour Boutique.
 32548 | Orc:2    | Found a staircase to the Elven Halls.
 32770 | Orc:2    | Offered knowledge of Irradiate by Vehumet.
 32774 | Orc:2    | Learned a level 2 spell: Swiftness
 33027 | Elf:1    | Entered Level 1 of the Elven Halls
 33353 | Snake:1  | Entered Level 1 of the Snake Pit
 33370 | Snake:1  | Reached skill level 14 in Earth Magic
 34616 | Snake:1  | Noticed Aizul
 34655 | Snake:1  | Killed Aizul
 35468 | Snake:2  | Reached skill level 15 in Earth Magic
 35468 | Snake:2  | Reached XP level 16. HP: 96/100 MP: 11/31
 35959 | Snake:2  | You are sucked into a shaft!
 37102 | Snake:3  | Learned a level 6 spell: Iron Shot
 37200 | Snake:3  | Reached skill level 16 in Earth Magic
 37637 | Snake:3  | Reached skill level 10 in Evocations
 38042 | Snake:4  | Entered Level 4 of the Snake Pit
 38517 | Snake:4  | Reached skill level 17 in Earth Magic
 39215 | Snake:4  | Reached XP level 17. HP: 47/104 MP: 21/33
 39423 | Snake:4  | Offered knowledge of Freezing Cloud by Vehumet.
 39963 | Snake:4  | Reached skill level 18 in Earth Magic
 40659 | Snake:4  | Slain by an anaconda

Vault maps used:
D:1:      dpeg_arrival_stone_temple_mockup, corexii_corridor_pit, st_stairs_13,
          grunt_decor_mini_mirrors, tso_altar
D:2:      lemuel_round_altar, uniq_robin
D:3:      nicolae_overflow_hidden_temple, minitemple, ecumenical_altar_2,
          uniq_terence
D:4:      kennysheep_little_box, minmay_temple_entry_hall, first_bread,
          serial_shops, nicolae_shop_trees, uniq_menkaure
D:5:      serial_shops, nicolae_shop_crystal
D:7:      lemuel_mausoleum_altar_yredelemnul, nemelex_altar_shiori,
          grunt_temple_overflow_open
D:9:      orc_0_dummy, special_room, grunt_livestock
D:10:     erik_lair_dragon, basic_altar, due_unseen_surprise
Temple:   nicolae_temple_figure_zero
Lair:1:   enter_volcano_1, st_stairs_12, uniq_harold
Lair:3:   beast_lair_carwin_large_3, shoals_dummy_entry,
          infiniplex_staircase_pool_2
Lair:4:   lemuel_centaur_altar
Lair:5:   guppyfry_snake_entry_garden, columned_hall_lemuel
Lair:6:   lab_entry_generic, beast_lair_carwin_7, grunt_megastairs_2,
          uniq_rupert
Lair:7:   kilobyte_rumbling_trees
Lair:8:   minmay_lair_end_frog_pond, slime_altar_1, serial_bayou_shore_a,
          lemuel_fruit_tree
Snake:1:  st_stairs_13, uniq_aizul
Snake:2:  serial_bayou_shore_b
Snake:4:  johnstein_snake_rune_scales, grunt_ministairs_14
Orc:1:    serial_shops, shop_fountains, nicolae_for_you_no_charge
Orc:2:    st_orc_mages, basic_altar
Elf:1:    serial_shops, shop_fountains, minivault_28, evilmike_ambush,
          uniq_roxanne
Volcano:  volcano_bunker

Action                   |  1- 3 |  4- 6 |  7- 9 | 10-12 | 13-15 | 16-18 || total
-------------------------+-------+-------+-------+-------+-------+-------++-------
Melee: Whip              |    96 |       |       |       |       |       ||    96
       Unarmed           |     1 |       |       |       |       |       ||     1
       Spear             |    27 |   124 |       |       |       |       ||   151
       Short sword       |       |    23 |    42 |       |       |       ||    65
       Lajatang          |       |       |   266 |     3 |       |       ||   269
       Staff             |       |       |    52 |   260 |   374 |   336 ||  1022
 Fire: Shortbow          |       |    17 |       |       |       |       ||    17
Throw: Stone             |       |     2 |     3 |       |     1 |       ||     6
       Throwing net      |       |       |       |       |     5 |       ||     5
 Cast: Sandblast         |    35 |    47 |    32 |     4 |       |       ||   118
       Stone Arrow       |       |       |    86 |   245 |   671 |   122 ||  1124
       Stoneskin         |       |       |     5 |    11 |    47 |    18 ||    81
       Throw Flame       |       |       |    12 |     7 |       |       ||    19
       Lee's Rapid Decon |       |       |     2 |    14 |     7 |     5 ||    28
       Fireball          |       |       |       |    69 |   115 |    87 ||   271
       Swiftness         |       |       |       |       |     1 |       ||     1
       Iron Shot         |       |       |       |       |       |    57 ||    57
 Abil: Fly               |       |       |       |       |     1 |       ||     1
Evoke: Box of beasts     |       |       |       |       |       |     1 ||     1
  Use: Scroll            |     1 |     3 |    10 |    10 |    10 |     7 ||    41
       Potion            |       |     1 |       |     4 |     7 |     4 ||    16
 Stab: Sleeping          |     2 |       |       |       |       |     1 ||     3
       Distracted        |     1 |       |       |     1 |       |       ||     2
  Eat: Chunk             |     4 |     9 |    17 |    29 |    39 |     4 ||   102
       Pizza             |       |       |     1 |     2 |     2 |     2 ||     7
       Beef jerky        |       |       |     1 |     2 |     2 |     1 ||     6
       Bread ration      |       |       |       |     3 |     3 |     7 ||    13
       Royal jelly       |       |       |       |     1 |       |     1 ||     2
       Fruit             |       |       |       |       |     5 |     4 ||     9
       Meat ration       |       |       |       |       |     2 |       ||     2
